 Dungeon Crawl Stone Soup version 0.27.1-34-g3ba077fa99 (webtiles) character file.

Game seed: 7124969373230509842

2144 multipassport the Vexing (level 9, -1/67 HPs)
             Began as a Demonspawn Arcane Marksman on Jan 17, 2022.
             Was an Initiate of Gozag.
             Slain by a white ugly thing (25 damage)
             ... on level 9 of the Dungeon.
             The game lasted 00:39:01 (9308 turns).

multipassport the Vexing (DsAM)                     Turns: 9308, Time: 00:39:01

Health: -1/67      AC: 11    Str:  7    XL:     9   Next: 9%
Magic:  14/15      EV: 14    Int: 15    God:    Gozag
Gold:   790        SH:  0    Dex: 16    Spells: 3/16 levels left

rFire    + . .     SeeInvis .   a - +1 hand crossbow
rCold    . . .     Faith    .   (no shield)
rNeg     . . .     Spirit   .   M - +2 leather armour of Kleptomania {rElec rF+ Regen+ Str-4}
rPois    .         Reflect  .   r - +0 helmet
rElec    +         Harm     .   (no cloak)
rCorr    .         Rampage  .   j - +0 pair of gloves
Will     .....                  (no boots)
Stlth    +.........             d - amulet of magic regeneration
HPRegen  1.21/turn              h - ring of wizardry
MPRegen  0.39/turn              m - +4 ring of protection

@: no status effects
A: ignite blood 1, sturdy frame 2
a: Renounce Religion, Potion Petition, Call Merchant, Bribe Branch


You were on level 9 of the Dungeon.
You worshipped Gozag.
Gozag was pleased with you.
You visited 2 branches of the dungeon, and saw 10 of its levels.

You collected 790 gold pieces.

Inventory:

Hand Weapons
 a - a +1 hand crossbow (weapon)
 k - a +2 dagger of draining
 B - a +0 shortbow
 G - a +1 rapier of draining
Missiles
 c - 30 bolts (quivered ammo)
 f - 93 arrows
Armour
 j - a +0 pair of gloves (worn)
 r - a +0 helmet (worn)
 x - a +2 robe of resistance
 J - the +5 chain mail "Wuevic" {-Tele rF- rC+++ Regen+}
   (You found it on level 8 of the Dungeon)

   rF:        It makes you vulnerable to fire.
   rC:        It renders you almost immune to cold.
   -Tele:     It prevents most forms of teleportation.
   Regen:     It increases your rate of health regeneration.
 M - the +2 leather armour of Kleptomania (worn) {rElec rF+ Regen+ Str-4}
   (You found it on level 9 of the Dungeon)

   Str:       It affects your strength (-4).
   rF:        It protects you from fire.
   rElec:     It insulates you from electricity.
   Regen:     It increases your rate of health regeneration.
Jewellery
 d - an amulet of magic regeneration (around neck)
 g - a ring of magical power
 h - a ring of wizardry (left hand)
 m - a +4 ring of protection (right hand)
 n - a ring of protection from fire
 o - a ring of willpower
 A - a ring of resist corrosion
 H - a +6 ring of strength
Wands
 l - a wand of iceblast (3)
 y - a wand of flame (25)
 D - a wand of paralysis (9)
Scrolls
 e - a scroll of noise {unknown}
 t - 2 scrolls of vulnerability
 w - 2 scrolls of amnesia
 E - 2 scrolls of teleportation
 I - a scroll of magic mapping {unknown}
 K - a scroll of fear {unknown}
 L - a scroll of enchant armour {unknown}
Potions
 b - a potion of flight
 i - a potion of heal wounds
 p - a potion of curing
 q - a potion of lignification
 s - a potion of magic
 u - 3 potions of degeneration
 v - a potion of invisibility {unknown}
 z - 2 potions of brilliance
 C - a potion of berserk rage {unknown}
 F - a potion of attraction {unknown}


   Skills:
 + Level 4.9 Fighting
 + Level 4.7 Crossbows
 + Level 4.9 Dodging
 + Level 4.3 Spellcasting
 + Level 5.8 Hexes
 + Level 4.0 Translocations


You had 3 spell levels left.
You knew the following spells:

 Your Spells              Type           Power      Damage    Failure   Level
a - Corona                Hex            22%        N/A       1%          1
b - Slow                  Hex            20%        N/A       1%          2
c - Portal Projectile     Hex/Tloc       36%        N/A       2%          3
d - Teleport Other        Tloc           15%        N/A       4%          3
e - Cause Fear            Hex            10%        N/A       6%          4

Your spell library contained the following spells:

 Spells                   Type           Power      Damage    Failure   Level
 Confusing Touch          Hex            20%        N/A       1%          3
 Gell's Gravitas          Tloc           7%         N/A       4%          3
 Lesser Beckoning         Tloc           7%         N/A       4%          3
 Inner Flame              Hex/Fire       12%        N/A       6%          3
 Magic Dart               Conj           12%        1d3       7%          1
 Call Imp                 Summ           3%         N/A       11%         2
 Frozen Ramparts          Ice            6%         1d2       21%         3
 Mephitic Cloud           Conj/Pois/Air  3%         N/A       21%         3
 Stone Arrow              Conj/Erth      6%         3d7       21%         3
 Vampiric Draining        Necr           1%         2d6       21%         3
 Animate Armour           Summ/Erth      6%         N/A       52%         4
 Ice Form                 Ice/Tmut       3%         N/A       52%         4
 Summon Ice Beast         Ice/Summ       3%         N/A       52%         4
 Dispersal                Tloc           7%         N/A       87%         6
 Lehudib's Crystal Spear  Conj/Erth      1%         10d2      100%        8


Dungeon Overview and Level Annotations

Branches:
Dungeon (8/15)             Temple (1/1) D:4
   Lair: D:8-11

Altars:
Ashenzari
Elyvilon
Gozag
The Shining One


Innate Abilities, Weirdness & Mutations

Your demonic aura sometimes causes spilled blood to erupt in flames.
Your movements are less encumbered by armour. (ER -4)


Message History

Confirm with . or Enter, or press ? or * to list all spells.
Okay, then.
Casting: Cause Fear (dangerous; 6% risk of failure)
Confirm with . or Enter, or press ? or * to list all spells.
Okay, then.
Casting: Cause Fear (dangerous; 6% risk of failure)
Confirm with . or Enter, or press ? or * to list all spells.
Aiming: Corona (safe; 1% risk of failure)
Press: ? - help, Shift-Dir - straight line, f/p - white ugly thing
Aim: a white ugly thing (lightly wounded, slow, chance to affect: 41%)
The white ugly thing is outlined in light.
Fire: 33 bolts
Press: ? - help, Q - select action, (/) - cycle Shift-Dir - straight line, f/p - white ugly thing
Aim: a white ugly thing (lightly wounded, slow, softly glowing, 83% to hit)
You shoot a bolt.
The bolt barely misses the white ugly thing.
Fire: 32 bolts
Press: ? - help, Q - select action, (/) - cycle Shift-Dir - straight line, f/p - white ugly thing
Aim: a white ugly thing (lightly wounded, slow, softly glowing, 83% to hit)
You shoot a bolt.
The bolt barely misses the white ugly thing.
Fire: 31 bolts
Press: ? - help, Q - select action, (/) - cycle Shift-Dir - straight line, f/p - white ugly thing
Aim: a white ugly thing (lightly wounded, slow, softly glowing, 83% to hit)
You shoot a bolt.
The bolt barely misses the white ugly thing.
The white ugly thing stops glowing.
The white ugly thing is no longer moving slowly.
The white ugly thing closely misses you.
Casting: Corona (safe; 1% risk of failure)
Confirm with . or Enter, or press ? or * to list all spells.
Aiming: Slow (safe; 1% risk of failure)
Press: ? - help, Shift-Dir - straight line, f/p - white ugly thing
Aim: a white ugly thing (chance to affect: 41%)
The white ugly thing resists with some effort.
The white ugly thing engulfs you. The white ugly thing freezes you!!
The white ugly thing engulfs you. The white ugly thing freezes you!
The white ugly thing engulfs you. The white ugly thing freezes you!!
You die...
Your body crumbles into a pile of gold.

#.... ###.........#
#....######.'.........#
#...........#...u....(#
#....########.........#
#.... #######'### ##..#
##...# ##. #..### ..
#####'###### ..
#...@......# ..
#..u.......#
#..........#
#..........#
+..........#
#..........#
############


You could see a white ugly thing.

Vanquished Creatures
  Pikel (D:6)
  A wyvern (D:4)
  A steam dragon (D:7)
  Edmund (D:4)
  A water moccasin (D:4)
  A necrophage (D:6)
  2 ogres
  3 lemures
  A centaur (D:6)
  A phantom (D:7)
  Blork the orc (D:6)
  2 bullfrogs
  A scorpion (D:7)
  A howler monkey (D:5)
  2 centaur zombies
  3 hounds
  A bullfrog skeleton (D:4)
  2 orc priests (D:6)
  A jelly (D:5)
  2 iguanas
  An orc wizard (D:7)
  A gnoll (D:1)
  5 adders
  A howler monkey skeleton (D:7)
  10 orcs
  4 endoplasms
  3 giant cockroaches
  6 goblins
  7 hobgoblins
  4 jackals
  5 quokkas
  8 ball pythons
  4 bats
  3 frilled lizards
  9 kobolds
  6 rats
106 creatures vanquished.

Notes
Turn   | Place    | Note
-------+----------+-------------------------------------------
     0 | D:1      | multipassport the Demonspawn Arcane Marksman began the
                  | quest for the Orb.
     0 | D:1      | Reached XP level 1. HP: 15/15 MP: 2/2
    73 | D:1      | Gained mutation: Your demonic aura sometimes causes spilled
                  | blood to erupt in flames. [demonic ancestry]
    73 | D:1      | Reached XP level 2. HP: 21/21 MP: 3/3
   607 | D:1      | Reached XP level 3. HP: 23/25 MP: 5/5
  1545 | D:2      | Found a faded altar of an unknown god.
  1547 | D:2      | Became a worshipper of Gozag Ym Sagoz the Greedy
  1939 | D:3      | Reached XP level 4. HP: 33/33 MP: 6/6
  2330 | D:3      | Learned a level 2 spell: Slow
  2978 | D:4      | Found a staircase to the Ecumenical Temple.
  2984 | Temple   | Entered the Ecumenical Temple
  3106 | D:4      | Reached skill level 1 in Translocations
  3106 | D:4      | Reached XP level 5. HP: 38/38 MP: 5/7
  3708 | D:4      | Noticed a wyvern
  3714 | D:4      | Killed a wyvern
  3715 | D:4      | Reached skill level 4 in Hexes
  3715 | D:4      | Reached XP level 6. HP: 25/46 MP: 6/9
  3952 | D:5      | Entered Level 5 of the Dungeon
  3952 | D:5      | Noticed Edmund
  3953 | D:5      | Noticed a water moccasin
  4243 | D:4      | Killed a water moccasin
  4465 | D:4      | Learned a level 3 spell: Portal Projectile
  4469 | D:4      | Learned a level 3 spell: Teleport Other
  5029 | D:4      | Killed Edmund
  5030 | D:4      | Gained mutation: Your movements are slightly less
                  | encumbered by armour. (ER -2) [demonic ancestry]
  5030 | D:4      | Reached XP level 7. HP: 31/52 MP: 7/11
  5769 | D:6      | Noticed Blork the orc
  5779 | D:6      | Killed Blork the orc
  6396 | D:6      | Noticed Pikel
  7022 | D:6      | Reached XP level 8. HP: 60/60 MP: 8/13
  7345 | D:5      | Reached skill level 5 in Hexes
  7528 | D:6      | Killed Pikel
  8382 | D:7      | Noticed a boulder beetle
  8572 | D:7      | Found a broken altar of Ashenzari.
  8720 | D:7      | Gained mutation: Your movements are less encumbered by
                  | armour. (ER -4) [demonic ancestry]
  8720 | D:7      | Reached XP level 9. HP: 64/67 MP: 12/15
  9184 | D:8      | Identified the +5 chain mail "Wuevic" {-Tele rF- rC+++
                  | Regen+}
  9191 | D:8      | Learned a level 4 spell: Cause Fear
  9218 | D:8      | You fall into a shaft and drop 1 floor!
  9233 | D:9      | Identified the +2 leather armour of Kleptomania {rElec rF+
                  | Regen+ Str-4}
  9269 | D:9      | Noticed a white ugly thing
  9308 | D:9      | Slain by a white ugly thing

Illustrated notes

Levels and vault maps discovered:
D:1:      wander_arrival_lonely_grave, layout_rooms, grunt_decor_resistance
D:2:      layout_basic, basic_altar, chequers_ecumenical_altar_twisty
D:3:      layout_loops_ring, kennysheep_decorative_pillar, grunt_ministairs_8
D:4:      layout_layer_cave, temple_statues
D:5:      layout_rooms, chequers_serial_rivers_room_a, uniq_edmund
D:6:      layout_gridville, minmay_crystal_water, uniq_pikel, uniq_blork_the_orc
D:7:      layout_basic, evilmike_ruin_ashenzari, serial_aquarium,
          aquarium_bridge_square [aquarium_subvault_bridge,
          aquarium_subvault_window, aquarium_subvault_balcony,
          aquarium_subvault_window], aquarium_window_corner, aquarium_window_2,
          aquarium_view_2d, aquarium_pool_1
D:8:      layout_gridville, minmay_crossroads
D:9:      layout_roguey
Temple:   regret_index_temple_sigil_plot

Skill      XL: |  1  2  3  4  5  6  7  8  9 |
---------------+----------------------------+-----
Crossbows      | 2 3 4 |  4.7
Dodging        | 2 3 4 |  4.9
Fighting       | 2 3 4 |  4.9
Translocations | 1 2 3 4 |  4.0
Spellcasting   | 2 3 4 |  4.3
Hexes          | 4 5 |  5.8

Action                   |  1- 3 |  4- 6 |  7- 9 || total
-------------------------+-------+-------+-------++-------
Melee: Hand axe          |    22 |       |       ||    22
       Dagger            |    28 |    38 |    49 ||   115
 Fire: Hand crossbow     |     5 |    55 |   151 ||   211
Throw: Boomerang         |    86 |    28 |       ||   114
 Cast: Corona            |       |    13 |    39 ||    52
       Slow              |       |     4 |    27 ||    31
       Teleport Other    |       |     2 |       ||     2
       Portal Projectile |       |       |    11 ||    11
       Cause Fear        |       |       |     1 ||     1
  Use: Scroll            |       |     8 |     5 ||    13
       Potion            |       |     2 |       ||     2
Armor: Robe              |     7 |    23 |    58 ||    88
Dodge: Dodged            |    43 |    48 |    82 ||   173
